 Dungeon Crawl Stone Soup version 0.25-a0-419-g7650d0de75 (webtiles) character file.

Game seed: 11471572929165499327, levelgen mode: deterministic

48 MisterFreud the Slasher (level 3, 0/26 HPs)
             Began as an Octopode Abyssal Knight on Jan 17, 2020.
             Was a Believer of Lugonu.
             Slain by an iguana (15 damage)
             ... on level 2 of the Dungeon.
             The game lasted 00:01:35 (1081 turns).

MisterFreud the Slasher (Octopode Abyssal Knight)   Turns: 1081, Time: 00:01:36

Health: 0/26       AC:  1    Str: 11    XL:     3   Next: 72%
Magic:  4/4        EV: 13    Int: 14    God:    Lugonu [**....]
Gold:   55         SH:  0    Dex: 12    Spells: 2/2 levels left

rFire    . . .     SeeInvis .   a - +1 falchion
rCold    + . .     Gourm    .   (no shield)
rNeg     . . .     Faith    .   (helmet restricted)
rPois    .         Spirit   .   (no amulet)
rElec    .         Reflect  .   d - ring of protection from cold
rCorr    .         Harm     .   (no ring)
MR       .....                  (no ring)
Stlth    ++........             (no ring)
HPRegen  0.08/turn              (no ring)
MPRegen  0.09/turn              (no ring)
                                (no ring)
                                (no ring)

@: no status effects
A: almost no armour, stealthy swim, amphibious, 8 rings, constrict 8, camouflage
1, gelatinous body 1
a: Depart the Abyss, Bend Space, Renounce Religion


You were on level 2 of the Dungeon.
You worshipped Lugonu.
Lugonu was pleased with you.
You were not hungry.

You visited 1 branch of the dungeon, and saw 2 of its levels.
You visited the Abyss 1 time.

You collected 55 gold pieces.

Inventory:

Hand Weapons
 a - a +1 falchion (weapon)
Missiles
 e - 72 stones (quivered)
 f - 35 poisoned darts
 h - 8 arrows
 i - 42 bolts
Jewellery
 d - a ring of protection from cold (left tentacle)
Scrolls
 g - 4 scrolls of teleportation {unknown}
 j - a scroll of remove curse {unknown}
Comestibles
 b - 4 rations
 c - 3 chunks of flesh


   Skills:
 - Level 3.0 Fighting
 + Level 4.0 Long Blades
 - Level 2.3 Dodging
 - Level 2.0 Invocations


You had 2 spell levels left.
You didn't know any spells.
Your spell library was empty.

Dungeon Overview and Level Annotations

Branches:
Dungeon (2/15)

Altars:


Innate Abilities, Weirdness & Mutations

You cannot wear most types of armour.
You are very stealthy in the water. (Stealth+)
You are amphibious.
You can wear up to eight rings at the same time.
You can use your tentacles to constrict eight enemies at once.
Your skin changes colour to match your surroundings (Stealth+).
Your rubbery body absorbs attacks. (AC +1, EV +1)


Message History

Lugonu accepts your kill.
Your Long Blades skill increases to level 4!
No target in view!
You butcher the rat corpse.
c - 4 chunks of flesh (gained 1)
Things that are here:
a cursed +0 club; a rat skeleton
Things that are here:
a cursed +0 club; a rat skeleton
g - 4 scrolls labeled MAIFUI EDOST (gained 1) Eating one of 4 chunks of flesh.
You eat one of the 4 chunks of flesh.
This raw flesh tastes terrible.
b - 4 rations (gained 1)
An iguana comes into view.
An iguana is nearby!
The iguana hisses angrily.
The iguana bites you!
You barely miss the iguana. Your grab misses the iguana. The iguana bites you!
Ouch! That really hurt!
You die...

#.###..# #.
#...
#....#.##
#. #.##
#....#..#
###.###...
#....##.##
.......รท##
#....##..#
..........
#.######.##
.........#
#.# #..#
.........#
#.# ##.#
.........#
#. #@#
.........#
#l#
.........#
#..
.........#
#...
##.......
#....
#....#
#....#
#....#


You could see an iguana.

Vanquished Creatures
  An adder (D:2)
  2 dart slugs (D:1)
  3 bats
  2 giant cockroaches
  2 goblins
  8 hobgoblins (D:1)
  8 kobolds
  4 frilled lizards
  3 rats
33 creatures vanquished.

Notes
Turn   | Place    | Note
-------+----------+-------------------------------------------
     0 | Abyss:1  | MisterFreud the Octopode Abyssal Knight began the quest for
                  | the Orb.
     0 | Abyss:1  | Reached XP level 1. HP: 16/16 MP: 2/2
    20 | D:1      | Escaped the Abyss
   108 | D:1      | Reached XP level 2. HP: 18/21 MP: 3/3
   170 | D:1      | Reached skill level 3 in Long Blades
   439 | D:1      | Reached XP level 3. HP: 18/26 MP: 4/4
   631 | D:1      | Reached ** piety under Lugonu
  1050 | D:2      | Reached skill level 4 in Long Blades
  1081 | D:2      | Slain by an iguana

Levels and vault maps discovered:
D:1:      dpeg_arrival_tiny_h, layout_loops_ring,
          wander_ebering_terrifying_dragon_lair
D:2:      layout_basic, uniq_robin

Skill      XL: |  1  2  3 |
---------------+----------+-----
Long Blades    | 3 4 |  4.0
Fighting       | |  3.0
Dodging        | |  2.3
Invocations    | |  2.0

Action                   || total
-------------------------++-------
Melee: Falchion          ||    53
       Constrict         ||    16
       Tentacles         ||     7
 Stab: Sleeping          ||     4
  Eat: Chunk             ||     1
Armor: Skin              ||     7
Dodge: Dodged            ||    35
       Rpst.: Falchion   ||    13

Table legend:
 A = Non-vault XP
 B = Vault XP
 C = Vault XP percentage of total XP
 D = Non-vault monster count
 E = Vault monster count
 F = Vault count percentage of total count
                 A         B        C        D         E       F
            +---------+---------+-------+---------+---------+-------
      Total |      68 |       1 |   1.4 |      32 |       1 |   3.0
            +---------+---------+-------+---------+---------+-------
        D:1 |      42 |       1 |   2.3 |      23 |       1 |   4.2
        D:2 |      26 |       0 |   0.0 |       9 |       0 |   0.0
            +---------+---------+-------+---------+---------+-------
